Map: Lost and Found LE

Players

Slipotron - Winner!

  • Race: Zerg Zerg
  • League: Diamond
  • Spawn Location: 7:00

Mowgli

  • Race: Protoss Protoss
  • League: Diamond
  • Spawn Location: 1:00

VOD

Have the link to the VOD?

Description

Time

  • Played on: July 8, 2018, 7:49 p.m.
  • Length: 13:17
Show
View Real Time Build Order
Export as new Build Order

Slipotron Zerg - Winner!

Build Orders: Pool First 

Get SALT Encoding   

  12  0:09  Drone x2  
  14  0:18  Overlord  
  14  0:27  Extractor  
  14  0:28  Drone  
  15  0:37  Drone  
  16  0:42  Spawning Pool  
  16  0:48  Drone  
  16  0:57  Drone  
  17  1:14  Hatchery  
  16  1:19  Drone  
  16  1:23  Extractor  
  16  1:30  Zergling x4  
  18  1:34  Queen  
  18  1:39  Drone  
  21  1:46  Drone  
  22  2:02  Overlord  
  22  2:20  Hatchery  
  21  2:23  Drone x2  
  21  2:25  Pneumatized Carapace  
  23  2:40  Drone x2  
  23  2:43  Drone  
  23  2:44  Drone  
  27  2:50  Queen  
  29  3:03  Drone x3  
  29  3:04  Drone  
  33  3:15  Overlord  
  33  3:17  Drone x2  
  35  3:22  Metabolic Boost  
  35  3:30  Zergling x2  
  35  3:32  Zergling x6  
  39  3:40  Queen  
  39  3:41  Queen  
  42  4:02  Lair  
  42  4:03  Drone x3, Overlord  
  45  4:12  Drone x5, Roach Warren  
  49  4:23  Drone, Overlord  
  49  4:24  Drone x4  
  53  4:28  Extractor  
  53  4:54  Drone x3  
  53  4:55  Drone  
  53  4:56  Roach x3  
  53  4:57  Overlord x3  
  63  5:13  Glial Reconstitution  
  63  5:14  Roach, Extractor  
  63  5:15  Roach x2  
  63  5:16  Roach x2  
  63  5:17  Roach  
  63  5:19  Spine Crawler  
  73  5:21  Drone  
  73  5:22  Spine Crawler, Drone  
  73  5:26  Overlord  
  73  5:27  Roach x2  
  78  5:38  Roach x2  
  78  5:39  Roach  
  84  5:46  Evolution Chamber  
  84  5:49  Overseer  
  83  5:54  Overlord  
  83  5:55  Overlord  
  83  5:56  Drone x5  
  88  5:58  Extractor  
  87  6:10  Queen, Spore Crawler  
  88  6:11  Spore Crawler, Roach  
  88  6:12  Roach x4  
  88  6:13  Overlord  
  97  6:34  Overlord  
  97  6:36  Roach x8  
  113  6:43  Roach  
  113  6:44  Roach x3  
  113  6:47  Drone  
  122  6:53  Overseer  
  122  7:01  Zergling x2  
  122  7:02  Zergling x14  
  130  7:16  Overlord  
  130  7:17  Overlord x4  
  129  7:38  Zergling x2  
  129  7:39  Zergling x16  
  138  7:45  Infestation Pit  
  138  7:46  Ravager, Extractor  
  138  7:47  Ravager x4  
  138  7:49  Overlord x3  
  141  7:54  Drone x2  
  143  8:03  Hatchery  
  142  8:09  Drone x3  
  102  8:27  Zergling x2  
  102  8:28  Zergling x22  
  85  8:52  Roach  
  85  8:53  Roach x7  
  101  8:56  Ravager  
  102  9:04  Spire  
  102  9:09  Drone x7  
  108  9:23  Zergling x2  
  105  9:31  Ravager x6  
  108  9:33  Zergling x2  
  108  9:34  Zergling x26  
  124  9:43  Drone x2  
  124  9:44  Hatchery, Drone  
  124  10:16  Zergling x2  
  124  10:17  Zergling x36  
  122  10:40  Zergling x2  
  122  10:41  Zergling x20  
  115  10:49  Zergling x8  
  91  10:57  Roach  
  91  10:58  Roach x6  
  98  11:14  Hive  
  98  11:16  Pathogen Glands  
  98  11:18  Zerg Flyer Weapons Level 1  
  95  11:24  Evolution Chamber  
  94  11:26  Evolution Chamber  
  94  11:30  Roach  
  94  11:31  Roach x14  
  123  11:33  Ravager  
  123  11:34  Ravager x3  
  123  11:36  Drone  
  117  12:09  Mutalisk  
  117  12:10  Mutalisk x6  
  117  12:14  Zergling x6  
  117  12:15  Zergling x16  
  142  12:19  Drone x3  
  142  12:20  Drone  
  146  12:33  Hatchery  
  144  12:42  Overlord  
  144  12:43  Overlord  
  144  12:58  Zergling x18  
  145  12:59  Zergling x24  
Show
View Real Time Build Order
Export as new Build Order

Mowgli Protoss 

Build Orders: 1 Gate Expand, Double Forge 

Get SALT Encoding   

  12  0:01  Probe  
  13  0:13  Probe  
  14  0:20  Pylon  
  14  0:25  Probe  
  15  0:39  Probe  
  15  0:40  Gateway  
  15  0:48  Probe  
  16  0:52  Assimilator  
  17  0:57  Probe  
  18  1:10  Probe  
  19  1:24  Nexus  
  19  1:33  Cybernetics Core  
  19  1:34  Probe  
  20  1:45  Zealot, Probe  
  23  1:57  Pylon  
  23  2:06  Gateway  
  23  2:10  Adept  
  23  2:11  Warp Gate  
  23  2:19  Probe  
  26  2:31  Probe  
  27  2:37  Adept  
  27  2:38  Probe  
  27  2:43  Probe  
  31  2:48  Assimilator  
  31  2:49  Probe  
  32  2:55  Shield Battery, Probe  
  32  2:57  Probe  
  34  3:07  Pylon, Probe  
  34  3:08  Probe  
  34  3:09  Sentry  
  38  3:26  Adept  
  40  3:28  Probe  
  40  3:29  Probe  
  42  3:37  Gateway  
  42  3:43  Robotics Facility  
  42  3:48  Gateway  
  38  4:04  Gateway  
  38  4:06  Forge  
  38  4:08  Forge  
  38  4:09  Probe  
  39  4:13  Pylon  
  39  4:19  Probe  
  39  4:21  Probe  
  41  4:25  Observer  
  41  4:27  Adept x2  
  46  4:31  Probe  
  46  4:33  Probe  
  48  4:43  Probe  
  50  4:45  Probe  
  50  4:48  Adept  
  50  4:49  Adept x2  
  50  4:50  Protoss Ground Weapons Level 1  
  50  4:51  Zealot, Protoss Ground Armor Level 1  
  58  4:55  Probe  
  59  5:06  Probe  
  60  5:07  Probe  
  61  5:17  Assimilator  
  61  5:18  Probe  
  61  5:20  Assimilator  
  62  5:25  Twilight Council  
  62  5:27  Pylon  
  62  5:29  Pylon  
  62  5:36  Immortal  
  62  5:45  Probe  
  67  5:50  Shield Battery  
  67  6:01  Stalker  
  69  6:11  Stalker, Charge  
  71  6:12  Stalker  
  71  6:13  Zealot x2  
  77  6:37  Pylon  
  77  6:40  Pylon  
  77  6:44  Pylon  
  77  6:48  Immortal  
  77  6:55  Templar Archives  
  77  6:56  Stalker x2  
  77  6:58  Zealot x2  
  77  6:59  Zealot  
  91  7:28  Psionic Storm  
  91  7:29  Stalker  
  93  7:30  Pylon, Stalker x4  
  93  7:31  Pylon  
  101  7:38  Nexus  
  101  7:40  Immortal  
  105  7:53  High Templar  
  105  7:55  Zealot  
  105  7:56  Zealot  
  104  8:16  Zealot  
  104  8:17  Zealot x3  
  98  8:26  Stalker  
  84  8:29  Immortal  
  58  8:42  Stalker x4  
  66  8:50  High Templar  
  66  9:07  High Templar x2  
  66  9:09  Zealot x2  
  74  9:12  Nexus  
  74  9:18  Pylon x2  
  74  9:19  Immortal  
  74  9:21  Archon  
  72  9:31  Stalker x2  
  78  9:42  Photon Cannon  
  78  9:43  Shield Battery  
  78  9:47  Photon Cannon  
  78  9:52  High Templar  
  80  9:54  High Templar  
  80  9:55  Zealot  
  83  10:15  Photon Cannon  
  83  10:17  Photon Cannon, High Templar, Stalker  
  83  10:18  Stalker  
  56  10:37  Zealot x2  
  56  10:40  Probe  
  56  10:41  Probe  
  52  10:45  Probe  
  52  10:48  Zealot x2  
  55  10:53  Probe  
  55  10:54  Zealot  
  54  11:01  Probe x2  
  43  11:13  Observer, Probe x2  
  43  11:17  Probe  
  45  11:22  High Templar  
  45  11:23  High Templar  
  49  11:26  Probe  
  49  11:30  Probe  
  51  11:38  Probe x2  
  52  11:52  Probe x3  
  48  12:06  Probe x2  
  48  12:07  Probe  
  46  12:10  Zealot x2  
  46  12:11  Zealot  
  46  12:15  Probe  
  52  12:18  Probe x2  
  55  12:23  Probe  
  55  12:26  High Templar  
  55  12:27  Zealot  
  55  12:28  Probe  
  55  12:29  Probe  
  60  12:34  Probe  
  63  12:40  Zealot x2  
  63  12:41  Zealot, Probe  
  63  12:43  Probe  
  71  12:46  Probe  
  71  12:49  Probe  
  72  12:55  Probe  
  72  12:57  Stalker  
Tags
 
Add a new tag
Caveats
  • Supply blocks, unpowered buildings, or Contaminate may cause inaccurate times.
  • Supply counts are checked every 10 seconds.